Map: Submarine LE

Players

RyuKey - Winner!

  • Race: Protoss Protoss
  • League: Diamond
  • Spawn Location: 11:00

Panzone

  • Race: Terran Terran
  • League: Gold
  • Spawn Location: 5:00

VOD

Have the link to the VOD?

Description

Time

  • Played on: June 21, 2020, 9:50 a.m.
  • Length: 10:16
Show
View Real Time Build Order
Export as new Build Order

RyuKey Protoss - Winner!

Build Orders: Colossus Rush 

Get SALT Encoding   

  12  0:00  Probe  
  13  0:13  Probe  
  14  0:19  Pylon  
  14  0:25  Probe  
  15  0:33  Probe  
  15  0:41  Probe  
  16  0:42  Gateway  
  17  0:51  Probe  
  18  0:57  Assimilator  
  18  1:03  Probe  
  19  1:15  Probe  
  20  1:21  Pylon  
  20  1:27  Probe  
  20  1:29  Pylon  
  20  1:32  Cybernetics Core  
  21  1:39  Probe  
  24  1:52  Probe  
  23  1:58  Stalker  
  23  1:59  Assimilator  
  23  2:04  Probe  
  24  2:09  Warp Gate  
  26  2:18  Nexus  
  26  2:23  Probe  
  27  2:36  Probe  
  28  2:43  Pylon  
  28  2:46  Robotics Facility  
  28  2:51  Gateway  
  28  2:52  Probe  
  29  3:04  Probe  
  30  3:14  Probe  
  30  3:17  Assimilator  
  31  3:22  Pylon, Probe  
  32  3:30  Observer, Probe  
  32  3:34  Robotics Bay  
  32  3:36  Probe  
  35  3:42  Probe  
  35  3:48  Probe  
  37  3:53  Probe  
  37  3:54  Observer  
  39  3:59  Stalker x2  
  39  4:00  Probe  
  39  4:02  Probe  
  44  4:09  Immortal  
  45  4:10  Probe  
  45  4:12  Probe  
  51  4:23  Stalker x2  
  55  4:24  Probe  
  54  4:55  Probe, Colossus  
  61  5:01  Probe  
  61  5:03  Probe  
  61  5:04  Stalker  
  61  5:05  Stalker  
  66  5:13  Probe  
  66  5:14  Extended Thermal Lance  
  68  5:22  Gateway  
  68  5:23  Gateway  
  68  5:27  Pylon  
  68  5:28  Probe  
  68  5:29  Probe  
  70  5:38  Pylon  
  70  5:40  Pylon, Colossus  
  70  5:48  Gateway  
  70  5:49  Gateway  
  70  5:56  Zealot x2  
  80  5:58  Probe  
  80  6:02  Probe  
  82  6:07  Probe  
  83  6:17  Assimilator  
  83  6:23  Observer  
  83  6:26  Stalker  
  83  6:27  Stalker x3  
  91  6:41  Forge  
  91  6:42  Forge  
  91  6:50  Zealot  
  93  7:02  Pylon  
  93  7:08  Gateway  
  93  7:11  Nexus  
  93  7:13  Colossus  
  94  7:15  Gateway  
  91  7:24  Zealot  
  91  7:25  Zealot x4  
  101  7:30  Twilight Council  
  101  7:33  Probe  
  102  7:48  Protoss Ground Armor Level 1  
  102  7:49  Pylon  
  102  7:54  Assimilator  
  102  8:02  Assimilator  
  102  8:04  Protoss Ground Weapons Level 1  
  102  8:07  Probe x2, Colossus  
  102  8:09  Pylon  
  102  8:11  Pylon  
  110  8:13  Pylon  
  110  8:19  Charge  
  110  8:21  Probe  
  110  8:22  Probe  
  110  8:24  Probe  
  112  8:30  Probe  
  114  8:35  Zealot  
  114  8:36  Zealot x4  
  124  8:51  Stalker x3  
  130  9:03  Stalker  
  130  9:04  Stalker x2  
  136  9:33  Zealot x6  
  148  9:53  Pylon  
  148  9:57  Pylon  
  148  9:58  Pylon x2  
  148  10:00  Pylon  
  148  10:02  Pylon  
Show
View Real Time Build Order
Export as new Build Order

Panzone Terran 

Build Orders: Mech 

Get SALT Encoding   

  12  0:01  SCV  
  13  0:13  SCV  
  14  0:19  Supply Depot  
  14  0:27  SCV  
  15  0:47  Barracks  
  15  0:52  SCV  
  15  0:56  Refinery  
  16  1:04  SCV  
  17  1:16  SCV  
  18  1:21  Supply Depot  
  18  1:37  Orbital Command  
  18  1:59  Marine  
  19  2:07  Refinery  
  19  2:16  Factory  
  19  2:23  SCV  
  19  2:25  Marine  
  21  2:32  Command Center  
  21  2:41  SCV  
  21  2:43  Marine  
  23  3:00  Factory Reactor  
  22  3:18  Bunker  
  22  3:23  Barracks Tech Lab  
  22  3:26  SCV  
  23  3:39  Factory  
  23  3:40  Widow Mine x2  
  27  3:50  Marauder  
  29  3:57  Orbital Command  
  29  3:59  SCV  
  29  4:01  Widow Mine x2  
  34  4:11  SCV  
  27  5:05  Orbital Command  
  27  5:08  SCV  
  28  5:14  Marine  
  28  5:17  Siege Tank, Bunker  
  32  5:31  Hellion  
  32  5:32  Marine, Hellion  
  37  5:36  SCV  
  38  5:43  Engineering Bay  
  38  5:44  SCV  
  38  5:48  SCV  
  38  5:49  Siege Tank  
  43  5:50  Marine  
  43  5:56  SCV  
  45  6:01  SCV  
  46  6:08  Marine, SCV  
  44  6:20  Supply Depot  
  44  6:22  Supply Depot  
  44  6:23  Supply Depot  
  44  6:33  SCV  
  44  6:34  Siege Tank  
  44  6:38  Refinery  
  48  6:41  Missile Turret  
  48  6:45  SCV  
  49  6:50  Missile Turret  
  49  6:55  Marine  
  50  7:05  Factory  
  50  7:07  SCV  
  51  7:10  Armory  
  51  7:12  Factory, Command Center  
  47  7:19  SCV  
  47  7:32  Siege Tank  
  50  7:40  SCV  
  50  7:47  Marine  
  51  7:52  SCV  
  51  7:57  Factory Tech Lab  
  51  7:58  Factory Tech Lab  
  52  8:01  Terran Vehicle Weapons Level 1  
  52  8:04  Thor, SCV  
  52  8:05  Marine  
  60  8:16  SCV  
  61  8:20  Refinery  
  61  8:29  SCV  
  61  8:33  Thor, Command Center  
  68  8:34  Thor  
  68  8:35  Marine  
  68  8:41  SCV  
  76  8:52  Supply Depot x3  
  76  8:53  SCV  
  75  9:04  Thor  
  77  9:38  Siege Tank  
  86  9:39  SCV  
  87  9:51  SCV, Hellion  
  90  10:04  SCV  
Tags
 
Composition
Mech
Matchup
PvT
Spawn Locations
Cross Positions
Add a new tag
Caveats
  • Supply blocks, unpowered buildings, or Contaminate may cause inaccurate times.
  • Supply counts are checked every 10 seconds.